 Dungeon Crawl Stone Soup version 0.26.1-2-gb8aa6d0cf2 (webtiles) character file.

Game seed: 4489777886838869016

471 Ladykiller69 the Chopper (level 7, -2/60 HPs)
             Began as a Hill Orc Gladiator on Mar 19, 2021.
             Slain by Duvessa
             ... wielding a +0 short sword of electrocution
              (13 damage)
             ... on level 4 of the Dungeon.
             The game lasted 00:05:07 (4363 turns).

Ladykiller69 the Chopper (Hill Orc Gladiator)       Turns: 4363, Time: 00:05:08

Health: -2/60      AC: 11    Str: 19    XL:     7   Next: 9%
Magic:  7/7        EV:  8    Int:  8    God:
Gold:   131        SH:  0    Dex: 12    Spells: 6/6 levels left

rFire    . . .     SeeInvis .   a - +0 war axe
rCold    . . .     Faith    .   (no shield)
rNeg     . . .     Spirit   .   k - +0 chain mail
rPois    .         Reflect  .   c - +0 helmet
rElec    .         Harm     .   (no cloak)
rCorr    .         Rampage  .   (no gloves)
Will     .....                  w - +0 pair of boots
Stlth    ..........             (no amulet)
HPRegen  0.20/turn              (no ring)
MPRegen  0.10/turn              (no ring)

@: mighty
A: no striking features
a: no special abilities


You were on level 4 of the Dungeon.
You visited 1 branch of the dungeon, and saw 4 of its levels.

You collected 131 gold pieces.

Inventory:

Hand Weapons
 a - a +0 war axe (weapon)
Missiles
 d - 3 throwing nets
 q - 2 datura-tipped darts
 t - 6 poisoned darts (quivered)
Armour
 b - a +0 leather armour
 c - a +0 helmet (worn)
 k - a +0 chain mail (worn)
 w - a +0 pair of boots (worn)
Jewellery
 e - an uncursed ring of wizardry {unknown}
 m - a cursed amulet of inaccuracy {unknown}
 v - an uncursed ring of fire {unknown}
Scrolls
 f - a scroll of teleportation {unknown}
 h - 2 scrolls of remove curse {unknown}
 i - 6 scrolls of identify {unknown}
 l - a scroll of enchant armour {unknown}
 o - 2 scrolls of enchant weapon {unknown}
 r - 3 scrolls of magic mapping {unknown}
Potions
 g - a potion of lignification {unknown}
 j - a potion of magic {unknown}
 n - a potion of haste {unknown}
 p - a potion of might
 s - a potion of degeneration {unknown}
 u - 2 potions of brilliance {unknown}


   Skills:
 + Level 4.8 Fighting
 * Level 7.8 Axes
 - Level 2.0 Throwing
 + Level 2.7 Armour
 - Level 3.0 Dodging


You had 6 spell levels left.
You didn't know any spells.
Your spell library was empty.

Dungeon Overview and Level Annotations

Branches:
Dungeon (4/15)
 Temple: D:4-7

Altars:
Fedhas
Vehumet

Shops:
D:4 :

Annotations:
D:4 Duvessa


Message History

It was a potion of might.
You feel very mighty all of a sudden.
Duvessa hits you with a +0 short sword of electrocution!
You slash Duvessa!
Duvessa is moderately wounded.
Duvessa barely misses you.
You barely miss Duvessa.
Duvessa is moderately wounded.
Duvessa barely misses you.
Duvessa hits you with a +0 short sword of electrocution.
You slice Duvessa!!
Duvessa is heavily wounded.
Duvessa hits you but does no damage.
You are electrocuted!!
Duvessa hits you with a +0 short sword of electrocution.
You are electrocuted!
* * * LOW HITPOINT WARNING * * *
You hit Duvessa.
Duvessa is severely wounded.
Duvessa hits you with a +0 short sword of electrocution!
You die...

# #.# #.# #.# #.#
#.##########
#..........# #
#..#######.#
#####..# #..# #.#
#.e..# ###..#
#.###@###
.)...#######.......#
###..............#.#
################...
###


You could see Duvessa (berserk).

Vanquished Creatures
  Grinder (D:4)
  A big kobold (D:4)
  Dowan (D:4)
  A worker ant (D:3)
  6 adders
  An ooze (D:3)
  A worm (D:4)
  3 dart slugs
  3 leopard geckos
  10 orcs
  9 bats
  A giant cockroach (D:1)
  3 goblins
  5 hobgoblins
  4 jackals (D:1)
  2 quokkas
  2 ball pythons
  7 frilled lizards
  3 kobolds
  7 rats
71 creatures vanquished.

Notes
Turn   | Place    | Note
-------+----------+-------------------------------------------
     0 | D:1      | Ladykiller69 the Hill Orc Gladiator began the quest for the
                  | Orb.
     0 | D:1      | Reached XP level 1. HP: 18/18 MP: 1/1
   205 | D:1      | Reached XP level 2. HP: 10/25 MP: 2/2
   788 | D:1      | Reached XP level 3. HP: 30/30 MP: 3/3
  1479 | D:2      | Reached skill level 5 in Axes
  1807 | D:2      | Reached XP level 4. HP: 38/38 MP: 4/4
  2136 | D:2      | Found a blossoming altar of Fedhas.
  2639 | D:3      | Found a radiant altar of Vehumet.
  3302 | D:3      | Reached skill level 6 in Axes
  3302 | D:3      | Reached XP level 5. HP: 45/45 MP: 5/5
  3740 | D:4      | Reached skill level 1 in Armour
  3774 | D:4      | Noticed Grinder
  3774 | D:4      | Paralysed by Grinder for 4 turns
  3799 | D:4      | Paralysed by Grinder for 3 turns
  3805 | D:4      | Killed Grinder
  3806 | D:4      | Reached skill level 7 in Axes
  3806 | D:4      | Reached XP level 6. HP: 20/53 MP: 6/6
  4040 | D:4      | Found Uppu Nusarul's Book Shoppe.
  4239 | D:4      | Noticed Dowan
  4256 | D:4      | Killed Dowan
  4257 | D:4      | Reached XP level 7. HP: 46/60 MP: 7/7
  4358 | D:4      | Noticed Duvessa
  4363 | D:4      | Slain by Duvessa

Illustrated notes

Levels and vault maps discovered:
D:1:      matt_arrival_refuge, layout_basic, chequers_serial_rivers_micro_b
D:2:      layout_loops_corners, fedhas_altar_1
D:3:      layout_basic, vehumet_crystals
D:4:      layout_loops_ring, serial_shops, nicolae_shop_crystal, uniq_grinder,
          uniq_duvessa

Skill      XL: |  1  2  3  4  5 |
---------------+----------------+-----
Throwing       | 2 |  2.0
Fighting       | 3 4 |  4.8
Axes           | 5 6 7 |  7.8
Dodging        | 3 |  3.0
Armour         | 2 |  2.7

Action                   |  1- 3 |  4- 6 |  7- 9 || total
-------------------------+-------+-------+-------++-------
Melee: War axe           |    99 |   136 |     6 ||   241
  Use: Potion            |       |       |     1 ||     1
Armor: Leather armour    |    25 |       |       ||    25
       Chain mail        |    33 |    78 |     2 ||   113
Dodge: Dodged            |    67 |    57 |     2 ||   126
